 Dungeon Crawl Stone Soup version 0.23-b1-75-g379dba2534 (webtiles) character file.

Game seed: 8462877477294922201

854 Grohoret the Covered (level 7, -10/57 HPs)
             Began as a Minotaur Fighter on Feb 7, 2019.
             Mangled by Menkaure (13 damage)
             ... on level 4 of the Dungeon.
             The game lasted 00:16:12 (3328 turns).

Grohoret the Covered (Minotaur Fighter)             Turns: 3328, Time: 00:16:12

Health: -10/57     AC: 13    Str: 20    XL:     7   Next: 70%
Magic:  6/6        EV:  7    Int:  5    God:
Gold:   300        SH:  6    Dex: 12    Spells: 6/6 levels left

rFire    . . .     SeeInvis .   a - +0 long sword
rCold    . . .     Gourm    .   e - +1 buckler {rN+}
rNeg     + . .     Faith    .   s - +0 plate armour
rPois    .         Spirit   .   (helmet restricted)
rElec    .         Reflect  .   (no cloak)
rCorr    .         Harm     .   (no gloves)
MR       .....                  (no boots)
Stlth    ..........             (no amulet)
HPRegen  0.19/turn              j - ring of wizardry
MPRegen  0.10/turn              (no ring)

@: no status effects
A: retaliatory headbutt, horns 2
a: no special abilities


You were on level 4 of the Dungeon.
You were hungry.

You visited 1 branch of the dungeon, and saw 4 of its levels.

You collected 300 gold pieces.

Inventory:

Hand Weapons
 a - a +0 long sword (weapon)
Armour
 e - a +1 buckler of positive energy (worn)
 s - a +0 plate armour (worn)
Jewellery
 j - a ring of wizardry (left hand)
Wands
 d - a wand of iceblast (10)
 p - a wand of random effects (16)
Scrolls
 b - a scroll of fear {unknown}
 c - a scroll of blinking {unknown}
 h - 5 scrolls of remove curse
 n - a scroll of magic mapping
 t - a scroll of noise {unknown}
Potions
 i - a potion of agility {unknown}
 k - a potion of brilliance {unknown}
 m - a potion of cancellation {unknown}
 o - a potion of resistance {unknown}
 q - 2 potions of magic
 u - a potion of heal wounds {unknown}
Comestibles
 f - 5 rations


   Skills:
 - Level 3.6 Fighting
 * Level 6.6 Long Blades
 * Level 7.2 Armour
 - Level 2.5 Dodging
 + Level 6.0 Shields


You had 6 spell levels left.
You didn't know any spells.
Your spell library contained the following spells:

 Spells                   Type           Power        Failure   Level  Hunger
 Animate Skeleton         Necr           N/A          98%         1    ##.....
 Apportation              Tloc           #.....       98%         1    ##.....
 Confusing Touch          Hex            #.....       98%         1    ##.....
 Summon Small Mammal      Summ           #...         98%         1    ##.....


Dungeon Overview and Level Annotations

Branches:
Dungeon (4/15)             Temple (0/1) D:4

Altars:
Ashenzari

Annotations:
D:4 Menkaure


Innate Abilities, Weirdness & Mutations

You reflexively headbutt those who attack you in melee.
You have a pair of horns on your head.


Message History

Menkaure shouts!
Menkaure calls on the powers of darkness!
Your body is wracked with pain!
Something is bathed in an unholy light!
You slash Menkaure! You headbutt Menkaure.
Menkaure is heavily damaged.
Menkaure casts a spell.
Menkaure seems to speed up.
You hit Menkaure but do no damage. You headbutt Menkaure!
Menkaure is severely damaged.
Menkaure hits you.
Menkaure calls on the powers of darkness!
Your body is wracked with pain!
Something is bathed in an unholy light!
You slash Menkaure!
Menkaure is almost destroyed.
Menkaure hits you!
* * * LOW HITPOINT WARNING * * *
You barely miss Menkaure.
Menkaure is almost destroyed.
Menkaure hits you!
You die...

#....##.######## #....##
#....##.##....# #....##
#....##.##....# #......
##....##.##....# #.....#
#......#.##....########.#
#......#.##.<..##.......#
#......#)##...[##.######.
#.....J#.......)..# #.
###....M@#.....#### #†
#...#..#..#### ###
#...#..÷.....# #..
#...#..##(##.# #<#
#.(.#.>##.##.##########
#...#.###.##.##.......#
#...#.###[##.##.#####.#
#####.....##.##.# #.#
#######..##....# #..


You could see Menkaure and a jelly.

Vanquished Creatures
  An ogre (D:3)
  A howler monkey (D:4)
  A hound (D:4)
  A bullfrog skeleton (D:4)
  2 gnoll shamans (D:3)
  A worker ant (D:4)
  Natasha (thrice) (D:3)
  An iguana (D:4)
  32 gnolls (D:3)
  5 adders
  2 worms (D:2)
  A dart slug (D:3)
  A leopard gecko (D:3)
  7 orcs
  3 ball pythons
  5 bats
  6 giant cockroaches
  11 goblins
  6 hobgoblins
  26 jackals
  3 quokkas
  A ball python skeleton (D:4)
  4 frilled lizards
  8 kobolds
  11 rats
143 creatures vanquished.

Notes
Turn   | Place    | Note
-------+----------+-------------------------------------------
     0 | D:1      | Grohoret the Minotaur Fighter began the quest for the Orb.
     0 | D:1      | Reached XP level 1. HP: 19/19 MP: 0/0
    41 | D:1      | Reached XP level 2. HP: 25/26 MP: 1/1
    83 | D:1      | Reached skill level 1 in Dodging
   205 | D:1      | Reached skill level 4 in Armour
   404 | D:1      | Reached XP level 3. HP: 31/31 MP: 2/2
   697 | D:2      | Found a faded altar of an unknown god.
  1058 | D:3      | Found a shattered altar of Ashenzari.
  1146 | D:3      | Reached XP level 4. HP: 37/39 MP: 3/3
  1189 | D:3      | Noticed Natasha
  1193 | D:3      | Killed Natasha
  1544 | D:3      | Reached XP level 5. HP: 45/45 MP: 4/4
  1716 | D:3      | Noticed an ogre
  1722 | D:3      | Killed an ogre
  1722 | D:3      | Reached skill level 5 in Armour
  1725 | D:3      | Reached skill level 5 in Shields
  1725 | D:3      | Reached XP level 6. HP: 45/51 MP: 5/5
  2057 | D:3      | Noticed Natasha
  2066 | D:3      | Killed Natasha
  2066 | D:3      | Reached skill level 5 in Long Blades
  2206 | D:3      | Noticed Natasha
  2212 | D:3      | Killed Natasha
  2325 | D:3      | Reached skill level 6 in Armour
  2379 | D:3      | Reached XP level 7. HP: 57/57 MP: 6/6
  2908 | D:4      | Reached skill level 7 in Armour
  2973 | D:4      | Found a staircase to the Ecumenical Temple.
  2975 | D:4      | Noticed Menkaure
  3328 | D:4      | Mangled by Menkaure

Skill      XL: |  1  2  3  4  5  6  7 |
---------------+----------------------+-----
Dodging        | 1 2 |  2.5
Armour         | 4 5 6 7 |  7.2
Shields        | 4 5 6 |  6.0
Long Blades    | 3 4 5 6 |  6.6
Fighting       | |  3.6

Action                   |  1- 3 |  4- 6 |  7- 9 || total
-------------------------+-------+-------+-------++-------
Melee: Long sword        |   115 |   170 |   109 ||   394
       Headbutt          |     9 |    37 |    27 ||    73
  Use: Scroll            |     2 |       |     3 ||     5
       Potion            |       |     1 |     2 ||     3
  Eat: Chunk             |     1 |     4 |     3 ||     8
Armor: Scale mail        |    46 |     3 |       ||    49
       Plate armour      |       |    99 |    68 ||   167
Dodge: Dodged            |    46 |    53 |    39 ||   138
Block: Shield            |    49 |       |       ||    49
       Buckler           |    12 |    55 |    61 ||   128
       Rpst.: Long sword |    13 |    15 |     8 ||    36
